 Dungeon Crawl Stone Soup version 0.19-a0-1155-gb6eeeff (webtiles) character file.

88 HaroldButt the Digger (level 4, -1/24 HPs)
             Began as a Gargoyle Earth Elementalist on Aug 13, 2016.
             Slain by an orc
             ... wielding a +0 flail
              (4 damage)
             ... on level 3 of the Dungeon.
             The game lasted 00:09:33 (2108 turns).

HaroldButt the Digger (Gargoyle Earth Elementalist) Turns: 2108, Time: 00:09:34

Health: -1/24      AC:  5    Str: 12    XL:     4   Next: 54%
Magic:  1/7        EV: 12    Int: 16    God:
Gold:   122        SH:  0    Dex: 10    Spells: 3 memorised, 1 level left

rFire  . . .     SeeInvis .     f - -1 mace (curse)
rCold  . . .     Gourm    .     c - +0 robe
rNeg   + . .     Faith    .     (no shield)
rPois  ∞         Spirit   .     (no helmet)
rElec  +         Dismiss  .     (no cloak)
rCorr  .         Reflect  .     (no gloves)
MR     .....     Harm     .     (no boots)
Stlth  ++........               i - amulet of rage
                                (no ring)
                                a - ring of wizardry

@: no status effects
A: negative energy resistance 1, electricity resistance, unbreathing,
petrification resistance, rot immunity, AC +3
a: Evoke Berserk Rage


You were on level 3 of the Dungeon.
You were not hungry.

You visited 1 branch of the dungeon, and saw 3 of its levels.

You collected 122 gold pieces.


Innate Abilities, Weirdness & Mutations

You are resistant to torment.
Your stone body is resilient. (AC +3)
You are immune to poison.
You resist negative energy. (rN+)
You are resistant to electric shocks. (rElec)
You can survive without breathing.
You are immune to petrification.
You are immune to rotting.


   Skills:
 - Level 1.5 Dodging
 - Level 2.1 Stealth
 - Level 2.0 Spellcasting
 - Level 0.7 Transmutations
 + Level 6.2 Earth Magic


You had one spell level left.
You knew the following spells:

 Your Spells              Type           Power        Failure   Level  Hunger
x - Stone Arrow           Conj/Erth      ##....       7%          3    ###....
z - Sandblast             Erth           ###...       1%          1    #......
N - Passwall              Tmut/Erth      ##........   4%          2    ###....

Inventory:

Hand Weapons
 f - a cursed -1 mace (weapon)
 j - a +0 whip
 k - a +0 spear of freezing
Missiles
 b - 32 stones (quivered)
Armour
 c - a +0 robe (worn)
Jewellery
 a - a ring of wizardry (left hand)
 i - an amulet of rage (around neck)
Scrolls
 h - 4 scrolls of identify {@r1}
 n - a scroll of teleportation {unknown}
Books
 e - a book of Geomancy

   Spells                             Type                      Level
   a - Sandblast                      Earth                        1
   b - Passwall                       Transmutation/Earth          2
   c - Stone Arrow                    Conjuration/Earth            3
   d - Petrify                        Transmutation/Earth          4
   e - Lee's Rapid Deconstruction     Earth                        5
 m - a book of Necromancy

   Spells                             Type                      Level
   a - Pain                           Necromancy                   1
   b - Animate Skeleton               Necromancy                   1
   c - Vampiric Draining              Necromancy                   3
   d - Regeneration                   Charms/Necromancy            3
   e - Animate Dead                   Necromancy                   4
   f - Control Undead                 Necromancy                   4
Comestibles
 d - 2 bread rations
 g - 2 chunks of flesh
 l - 4 fruits

Dungeon Overview and Level Annotations

Branches:
Dungeon (3/15)

Altars:
The Shining One

▒▒▒....▒ ▒..<▒▒▒▒
.......▒.....
.▒▒.....▒▒▒.▒ ▒..▒▒▒
▒ ▒▒▒..▒▒▒ ▒
▒▒▒▒▒▒▒▒▒...... ▒ ▒
▒▒.....▒▒.....▒▒.▒
▒)...8ogr........▒
▒.%....r..........▒▒
▒...................
▒.................▒▒
▒...................
▒..........†.....▒▒
▒...........<))..▒
▒▒..................
▒▒.....▒▒.....▒....


You could see an orc, a quokka, a hobgoblin and a rat.


Message History

You hit the hobgoblin.
The hobgoblin is almost dead.
The orc hits you with a flail. The hobgoblin barely misses you.
The orc barely misses you.
You barely miss the hobgoblin.
The hobgoblin is almost dead.
The hobgoblin hits you.
* * * LOW HITPOINT WARNING * * *
The hobgoblin hits you.
* * * LOW HITPOINT WARNING * * *
The orc hits you with a flail.
* * * LOW HITPOINT WARNING * * *
Cast which spell? (? or * to list)
Aiming: Sandblast
Press: ? - help, Shift-Dir - straight line, f - orc, p - hobgoblin
Aim: an orc, wielding a flail The blast of sand hits the orc.
The orc is heavily wounded.
The hobgoblin hits you but does no damage.
The orc hits you but does no damage.
A rat comes into view.
Found a royal jelly and a dagger.
A quokka comes into view.
The hobgoblin closely misses you.
The quokka twitches its whiskers.
The hobgoblin hits you.
* * * LOW HITPOINT WARNING * * *
The orc hits you with a flail.
You die...

Action                   |  1- 3 |  4- 6 || total
-------------------------+-------+-------++-------
Melee: Mace              |     9 |    15 ||    24
 Cast: Sandblast         |    64 |    28 ||    92
  Use: Scroll            |     2 |       ||     2
 Stab: Sleeping          |     4 |     1 ||     5
  Eat: Chunk             |     3 |     2 ||     5
Armor: Robe              |    50 |    18 ||    68
Dodge: Dodged            |    78 |    28 ||   106

Vault maps used:
D:1:      minmay_arrival_five_plusses, hangedman_decor_opposing,
          grunt_decor_mini_mirrors, minmay_misc_feat_rows
D:2:      lemuel_doored_altar, ecumenical_altar_1
D:3:      first_bread, corexii_corridor_pit

Notes
Turn   | Place    | Note
-------+----------+-------------------------------------------
     0 | D:1      | HaroldButt the Gargoyle Earth Elementalist began the quest for the Orb.
     0 | D:1      | Reached XP level 1. HP: 10/10 MP: 3/3
   120 | D:1      | Reached skill level 4 in Earth Magic
   363 | D:1      | Reached XP level 2. HP: 15/15 MP: 1/5
   906 | D:1      | Learned a level 2 spell: Passwall
  1004 | D:1      | Reached XP level 3. HP: 19/19 MP: 4/6
  1009 | D:1      | Learned a level 3 spell: Stone Arrow
  1039 | D:1      | Reached skill level 5 in Earth Magic
  1223 | D:2      | Found a glowing golden altar of the Shining One.
  1566 | D:2      | Reached XP level 4. HP: 24/24 MP: 5/7
  1659 | D:2      | Found a faded altar of an unknown god.
  1959 | D:2      | Reached skill level 6 in Earth Magic
  2040 | D:3      | Noticed a sky beast
  2108 | D:3      | Slain by an orc

Vanquished Creatures
  3 adders
  2 worms (D:2)
  A dart slug (D:2)
  3 giant geckos (D:2)
  4 orcs
  8 bats
  3 giant cockroaches
  4 goblins
  3 hobgoblins
  6 jackals (D:1)
  2 giant newts
  A kobold (D:3)
  7 rats (D:1)
47 creatures vanquished.
